 Dungeon Crawl Stone Soup version 0.30-a0-385-gfebfb9b408 (webtiles) character file.

Game seed: 10170542975238286456

856 IdlyInterested the Slasher (level 7, -1/55 HPs)
             Began as a Demonspawn Wanderer on Dec 2, 2022.
             Slain by Pikel
             ... wielding a +1 whip of flaming
              (7 damage)
             ... on level 4 of the Dungeon.
             The game lasted 00:11:08 (3117 turns).

IdlyInterested the Slasher (Demonspawn Wanderer)    Turns: 3117, Time: 00:11:08

Health: -1/55      AC:  9    Str: 10    XL:     7   Next: 70%
Magic:  8/8        EV: 11    Int: 11    God:
Gold:   142        SH:  0    Dex: 19    Spells: 7/8 levels left

rFire   . . .      SeeInvis .    a - +2 falchion
rCold   . . .      Faith    .    (no shield)
rNeg    . . .      Spirit   .    D - +0 ring mail
rPois   .          Reflect  .    r - +0 helmet
rElec   .          Harm     .    (no cloak)
rCorr   .          Rampage  .    b - +0 pair of gloves
Will    .....                    (no boots)
Stlth   +.........               (no amulet)
HPRegen 0.29/turn                (no ring)
MPRegen 0.11/turn                (no ring)

@: no status effects
A: molten scales 1, spiny 2
a: no special abilities


You were on level 4 of the Dungeon.
You visited 1 branch of the dungeon, and saw 4 of its levels.

You collected 142 gold pieces.

Inventory:

Hand Weapons
 a - a +2 falchion (weapon)
 g - a +0 short sword
 n - the +2 whip of the Six Deaths {pain, *Corrode rElec Int+3}
   (You found it on level 3 of the Dungeon)

   In the hands of one skilled in necromantic magic, it inflicts extra damage on
   living creatures.
   Int:       It affects your intelligence (+3).
   rElec:     It insulates you from electricity.
   *Corrode:  It may corrode you when you take damage.
 q - a +1 vorpal mace
Missiles
 e - 27 stones
Armour
 b - a +0 pair of gloves (worn)
 d - a +0 robe
 f - a +0 pair of gloves
 r - a +0 helmet (worn)
 u - a +0 plate armour
 w - a +0 chain mail
 B - a +0 scale mail
 D - a +0 ring mail (worn)
 E - a +0 leather armour
Magical Staves
 v - a staff of conjuration
Jewellery
 s - a ring of fire
Wands
 y - a wand of mindburst (21)
Scrolls
 h - a scroll of butterflies
 j - a scroll of enchant weapon {unknown}
 l - 3 scrolls of teleportation
 m - 3 scrolls of fear {unknown}
 p - a scroll of immolation {unknown}
 t - a scroll of brand weapon {unknown}
 C - a scroll of enchant armour {unknown}
 G - a scroll of blinking {unknown}
Potions
 i - 2 potions of lignification
 k - a potion of magic
 o - a potion of flight
 x - 2 potions of ambrosia {unknown}
 z - 2 potions of degeneration {unknown}
 A - 2 potions of brilliance {unknown}


   Skills:
 * Level 4.5 Fighting
 + Level 6.7 Long Blades
 - Level 1.0 Throwing
 - Level 1.0 Armour
 * Level 2.3 Dodging
 - Level 1.0 Stealth
 - Level 1.0 Spellcasting
 - Level 3.0 Conjurations
 - Level 1.0 Evocations


You had 7 spell levels left.
You knew the following spells:

 Your Spells              Type           Power      Damage    Failure   Level
a - Shock                 Conj/Air       12%        1d3       41%         1

Your spell library contained the following spells:

 Spells                   Type           Power      Damage    Failure   Level
 Stone Arrow              Conj/Erth      6%         3d7       78%         3
 Swiftness                Air            0%         N/A       94%         3
 Airstrike                Air            0%         2d(0-16)  100%        4
 Malign Gateway           Summ/Tloc      0%         N/A       100%        7
 Summon Horrible Things   Summ           0%         N/A       100%        8


Dungeon Overview and Level Annotations

Branches:
Dungeon (4/15)             Temple (0/1) D:4

Altars:
Gozag
Ru

Annotations:
D:4 Pikel


Innate Abilities, Weirdness & Mutations

You are partially covered in molten scales. (AC +2)
You are mostly covered in sharp spines.


Message History

Pikel hits you with a +1 whip of flaming.
Pikel burns you.
You hit Pikel but do no damage.
Pikel is heavily wounded.
The hound bites you but does no damage. The lemure barely misses you.
Pikel hits you with a +1 whip of flaming.
Pikel burns you.
You barely miss Pikel.
Pikel is heavily wounded.
The hound is struck by your spines. The hound bites you but does no damage.
The lemure hits you. Pikel barely misses you.
The hound is struck by your spines. The hound closely misses you.
You hit Pikel but do no damage.
Pikel is heavily wounded.
The hound is struck by your spines. The hound bites you but does no damage.
The lemure is struck by your spines. The lemure hits you but does no damage.
Pikel hits you with a +1 whip of flaming.
Pikel burns you.
A quokka comes into view.
You miss Pikel.
Pikel is heavily wounded.
The hound barely misses you. The lemure hits you but does no damage.
A lemure comes into view.
Pikel waves his whip at you. Pikel is struck by your spines.
Pikel barely misses you. The hound bites you.
You hit Pikel but do no damage.
Pikel is heavily wounded.
The hound is struck by your spines.
You kill the hound!
The lemure is struck by your spines. The lemure hits you.
* * * LOW HITPOINT WARNING * * *
Pikel hits you with a +1 whip of flaming.
* * * LOW HITPOINT WARNING * * *
Pikel burns you.
* * * LOW HITPOINT WARNING * * *
You hit Pikel.
Pikel is severely wounded.
The lemure is struck by your spines. The lemure closely misses you.
Pikel hits you with a +1 whip of flaming!
You die...

#+# ###.#######
...# #.......#
.... #..####.#
... #.....#.# #
...
###...#.#.###..
#
+...............
+
####...#.#....#.
# ##....†....# #
####@#...##
#K55.....
#5..#....
#.###..>. #..
... #.. .. #.#
#.#


You could see Pikel and 3 lemures.

Vanquished Creatures
  Grinder (D:3)
  Sigmund (D:3)
  Menkaure (D:4)
  An ogre (D:4)
  A phantom (D:4)
  A hound (D:4)
  An orc priest (D:3)
  Ijyb (D:3)
  Terence (D:2)
  An iguana (D:4)
  Robin (D:2)
  An adder (D:3)
  A worm (D:2)
  2 dart slugs (D:2)
  2 orcs (D:3)
  4 endoplasms
  13 goblins
  12 hobgoblins
  4 jackals (D:2)
  2 quokkas
  5 ball pythons
  2 bats
  3 frilled lizards
  10 kobolds
  4 rats
76 creatures vanquished.

Vanquished Creatures (others)
  8 toadstools (D:4)
8 creatures vanquished.

Grand Total: 84 creatures vanquished

Notes
Turn   | Place    | Note
-------+----------+-------------------------------------------
     0 | D:1      | IdlyInterested the Demonspawn Wanderer began the quest for
                  | the Orb.
     0 | D:1      | IdlyInterested set off with the following items: a +2
                  | falchion, a +0 pair of gloves, a potion of curing, a +0
                  | robe; and the following spell memorised: Shock; and the
                  | following spells available to memorise: Stone Arrow.
     0 | D:1      | Reached XP level 1. HP: 13/13 MP: 2/2
   179 | D:1      | Reached skill level 3 in Long Blades
   189 | D:1      | Gained mutation: You are partially covered in sharp spines.
                  | [demonic ancestry]
   189 | D:1      | Reached XP level 2. HP: 20/20 MP: 0/3
   794 | D:1      | Reached skill level 1 in Fighting
  1049 | D:2      | Noticed Robin
  1055 | D:2      | Killed Robin
  1056 | D:2      | Gained mutation: You are mostly covered in sharp spines.
                  | [demonic ancestry]
  1056 | D:2      | Reached XP level 3. HP: 26/26 MP: 4/4
  1175 | D:2      | Reached skill level 1 in Armour
  1354 | D:2      | Gained mutation: You are partially covered in molten
                  | scales. (AC +2) [demonic ancestry]
  1354 | D:2      | Reached XP level 4. HP: 32/32 MP: 5/5
  1381 | D:2      | Noticed Terence
  1392 | D:2      | Killed Terence
  1575 | D:2      | Reached skill level 4 in Long Blades
  1733 | D:3      | Identified the +2 whip of the Six Deaths {pain, *Corrode
                  | rElec Int+3}
  1757 | D:3      | Noticed Sigmund
  1785 | D:3      | Killed Sigmund
  1786 | D:3      | Reached skill level 5 in Long Blades
  1786 | D:3      | Reached skill level 1 in Throwing
  1786 | D:3      | Reached XP level 5. HP: 34/39 MP: 6/6
  1907 | D:3      | Noticed Ijyb
  1917 | D:3      | Killed Ijyb
  1918 | D:3      | Reached XP level 6. HP: 24/46 MP: 7/7
  2400 | D:3      | Noticed Grinder
  2417 | D:3      | Killed Grinder
  2418 | D:3      | Reached skill level 1 in Evocations
  2418 | D:3      | Reached XP level 7. HP: 25/53 MP: 8/8
  2849 | D:4      | Reached skill level 6 in Long Blades
  2862 | D:4      | Found an opulent altar of Gozag.
  2862 | D:4      | Found a sacrificial altar of Ru.
  2906 | D:4      | Noticed Menkaure
  2927 | D:4      | Killed Menkaure
  3102 | D:4      | Found a staircase to the Ecumenical Temple.
  3102 | D:4      | Noticed Pikel
  3117 | D:4      | Slain by Pikel

Illustrated notes

Levels and vault maps discovered:
D:1:      dpeg_arrival_prison, layout_loops_cross
D:2:      layout_rooms, minmay_misc_feat_room, uniq_robin, uniq_terence
D:3:      layout_loops_ring, uniq_ijyb, uniq_sigmund, uniq_grinder
D:4:      cheibrodos_fertilizer, layout_loops_corners, jmf_multi_god_temple,
          minmay_temple_entry_tees, dk_rats_in_the_wall, uniq_menkaure,
          uniq_pikel

Skill      XL: |  1  2  3  4  5  6  7 |
---------------+----------------------+-----
Long Blades    | 3 5 6 |  6.7
Dodging        | 2 |  2.3
Fighting       | 1 2 3 4 |  4.5
Armour         | 1 |  1.0
Throwing       | 1 |  1.0
Evocations     | 1 |  1.0
Stealth        | |  1.0
Spellcasting   | |  1.0
Conjurations   | |  3.0

Action                   |  1- 3 |  4- 6 |  7- 9 || total
-------------------------+-------+-------+-------++-------
Melee: Falchion          |    41 |    56 |    22 ||   119
       Unarmed           |    30 |    10 |       ||    40
       Punch             |     1 |     1 |       ||     2
Throw: Stone             |     5 |       |       ||     5
 Cast: Shock             |    27 |       |       ||    27
  Use: Potion            |     1 |     3 |     1 ||     5
       Scroll            |     2 |     2 |     1 ||     5
 Stab: Sleeping          |     4 |     2 |       ||     6
Armor: Robe              |    12 |    10 |       ||    22
       Skin              |    58 |     5 |       ||    63
       Scale mail        |       |     6 |       ||     6
       Ring mail         |       |     2 |    10 ||    12
Dodge: Dodged            |    19 |    25 |    15 ||    59

Table legend: (Time is in decaauts)
 A = Elapsed time spent in this place.
 B = Non-inter-level travel time spent in this place.
 C = Inter-level travel time spent in this place.
 D = Time resting spent in this place.
 E = Time spent auto-exploring this place.
 F = Levels seen in this place.
 G = Mean time per level.
                   A        B        C        D        E       F      G
               +--------+--------+--------+--------+--------+-----+--------+
         Total |   3138 |   2867 |    271 |    650 |   1513 |   4 |  784.5 |
       Dungeon |   3138 |   2867 |    271 |    650 |   1513 |   4 |  784.5 |
               +--------+--------+--------+--------+--------+-----+--------+

Top non-repeatable levels by time:
     D:3: 1119 daAuts
     D:1: 1033 daAuts
     D:2: 705 daAuts
     D:4: 280 daAuts
